 Dungeon Crawl Stone Soup version 0.22-a0-181-gb22368a (webtiles) character file.

349 Gorglomux the Ducker (level 6, -1/48 HPs)
             Began as a Human Gladiator on Feb 14, 2018.
             Was an Initiate of Yredelemnul.
             Slain by a gnoll
             ... wielding a +0 spear
              (3 damage)
             ... on level 7 of the Dungeon.
             The game lasted 00:10:46 (5149 turns).

Gorglomux the Ducker (Human Gladiator)              Turns: 5149, Time: 00:10:47

Health: -1/48      AC: 11    Str: 16    XL:     6   Next: 92%
Magic:  6/6        EV:  8    Int: 14    God:    Yredelemnul [......]
Gold:   145        SH:  0    Dex: 14    Spells: 5/5 levels left

rFire    . . .     SeeInvis .   a - +0 rapier
rCold    . . .     Gourm    .   (no shield)
rNeg     . . .     Faith    .   I - +0 chain mail
rPois    .         Spirit   .   c - +0 helmet
rElec    .         Reflect  .   G - +0 cloak
rCorr    .         Harm     .   (no gloves)
MR       .....                  (no boots)
Stlth    ..........             (no amulet)
HPRegen  0.16/turn              (no ring)
MPRegen  0.10/turn              (no ring)

@: confused, brilliant, lethally poisoned (-1 -> -4), about to teleport, drained
A: no striking features
a: Renounce Religion


You were on level 7 of the Dungeon.
You worshipped Yredelemnul.
Yredelemnul was noncommittal.
You were not hungry.

You visited 2 branches of the dungeon, and saw 7 of its levels.

You collected 145 gold pieces.

Inventory:

Hand Weapons
 a - a +0 rapier (weapon)
 V - a +0 falchion
Missiles
 F - 7 tomahawks
 Z - 3 throwing nets (quivered)
Armour
 c - a +0 helmet (worn)
 G - a +0 cloak (worn)
 I - a +0 chain mail (worn)
Jewellery
 N - a cursed amulet of harm {unknown}
 X - an uncursed amulet of magic regeneration {unknown}
Scrolls
 J - a scroll of remove curse {unknown}
 K - a scroll of blinking {unknown}
 S - a scroll of identify {unknown}
 U - a scroll of fear {unknown}
 W - a scroll of immolation
Potions
 H - a potion of might {unknown}
 L - a potion of lignification {unknown}
 O - a potion of mutation {unknown}
 P - a potion of brilliance
 Y - a potion of cancellation {unknown}
Comestibles
 f - 4 rations
 R - 4 chunks of flesh


   Skills:
 + Level 4.1(3.9) Fighting
 - Level 3.0(2.8) Short Blades
 - Level 2.0(1.8) Throwing
 + Level 3.5(3.3) Armour
 + Level 4.8(4.6) Dodging


You had 5 spell levels left.
You didn't know any spells.

Dungeon Overview and Level Annotations

Branches:
Dungeon (7/15)             Temple (1/1) D:4

Altars:
Ashenzari
Cheibriados
Dithmenos
Elyvilon
Fedhas
Hepliaklqana
Kikubaaqudgha
Makhleb
Nemelex Xobeh
Okawaru
Qazlal
Sif Muna
Trog
Uskayaw
Vehumet
Xom
Yredelemnul
Zin

Annotations:
D:3 1 runed door


Message History

* * * don't die
* * * A gnoll and a phantom butt into view!
Unknown command!
It was a potion of ambrosia!
You butt confused!
You feel invigorated! The gnoll hits you but does no damage!
The worker ant bites you! * * * don't butt
* * * You are poisoned!
The worker ant poisons you!!!
The hound closely misses butt!
The adder barely misses butt!
An orc comes into view! It is wielding a short sword!
You feel sick!
The orc shouts!!!
The worker ant bites you but does butt damage!
The worker ant bites butt! * * * don't die
* * * The gnoll hits you from afar with a spear! rip Your body rises from the dead as a mindless zombie!

######## #####.....J####
#.....z.lzz.Jz#
#l###.#######.#
####......g.z.gah#
...z.###.#...ggS@#
.[..Z+ ..#.z.....a$..#
..%l.###......Y......#
....h................#
.......g.###......W....
.........####.#...#....#
.......................#
...........o...........#
.%................


You could see a phantom, an ice beast, a hound, 2 worker ants, 3 wights, 4
gnolls, an ooze, an adder and an orc.

Vanquished Creatures
  3 worker ants
  13 gnolls
  4 adders
  2 oozes
  An adder skeleton (D:4)
  A worm (D:3)
  A dart slug (D:2)
  3 leopard geckos (D:1)
  7 orcs
  11 bats
  5 giant cockroaches
  6 goblins
  10 hobgoblins
  4 jackals (D:1)
  3 quokkas
  3 ball pythons
  4 frilled lizards
  11 kobolds
  9 rats
101 creatures vanquished.

Notes
Turn   | Place    | Note
-------+----------+-------------------------------------------
     0 | D:1      | Gorglomux the Human Gladiator began the quest for the Orb.
     0 | D:1      | Reached XP level 1. HP: 16/16 MP: 1/1
    47 | D:1      | Reached XP level 2. HP: 11/22 MP: 2/2
   273 | D:1      | Reached skill level 1 in Armour
   385 | D:1      | Reached XP level 3. HP: 21/28 MP: 3/3
  1535 | D:2      | Reached XP level 4. HP: 34/34 MP: 4/4
  1996 | D:2      | Reached skill level 3 in Fighting
  2245 | D:3      | Reached XP level 5. HP: 12/41 MP: 5/5
  3471 | D:3      | Found a runed door.
  3610 | D:3      | Reached XP level 6. HP: 31/47 MP: 6/6
  4034 | D:4      | Reached skill level 3 in Armour
  4189 | D:4      | Found a staircase to the Ecumenical Temple.
  4616 | Temple   | Entered the Ecumenical Temple
  4808 | Temple   | Became a worshipper of Yredelemnul the Dark
  5075 | D:4      | You fall through a shaft for 3 floors!
  5145 | D:7      | Noticed an ice beast
  5148 | D:7      | Noticed a phantom
  5149 | D:7      | HP: 2/48 [worker ant (6)]
  5149 | D:7      | Slain by a gnoll

Vault maps used:
D:1:      lightli_arrival_noodles, serial_bayou_pond_b
D:2:      wad_crossroads, first_ration
D:3:      grunt_ministairs_4, uniq_crazy_yiuf_cottage
D:4:      minmay_temple_entry_mist
D:7:      serial_shops, nicolae_shop_statue_plus
Temple:   dpeg_five_rooms_temple

Skill      XL: |  1  2  3  4  5  6 |
---------------+-------------------+-----
Armour         | 1 2 3 |  3.5
Fighting       | 3 4 |  4.1
Dodging        | 4 |  4.8
Short Blades   | |  3.0
Throwing       | |  2.0

Action                   |  1- 3 |  4- 6 || total
-------------------------+-------+-------++-------
Melee: Rapier            |   109 |   335 ||   444
  Use: Scroll            |       |     4 ||     4
       Potion            |       |     4 ||     4
  Eat: Chunk             |     2 |    12 ||    14
Armor: Leather armour    |    49 |     3 ||    52
       Scale mail        |       |    51 ||    51
       Chain mail        |       |   111 ||   111
Dodge: Dodged            |   126 |   173 ||   299

Table legend:
 A = Spawn XP
 B = Non-spawn XP
 C = Spawn XP percentage of total XP
 D = Spawn monster count
 E = Non-spawn monster count
 F = Spawn count percentage of total count
 G = Total turns spent on level
                    A         B        C        D         E        F      G
               +---------+---------+-------+---------+---------+-------+---------
         Total |       0 |     499 |   0.0 |       0 |     101 |   0.0 |  5149
               +---------+---------+-------+---------+---------+-------+---------
           D:1 |       0 |      55 |   0.0 |       0 |      28 |   0.0 |  1363
           D:2 |       0 |      72 |   0.0 |       0 |      26 |   0.0 |  1124
           D:3 |       0 |     158 |   0.0 |       0 |      32 |   0.0 |  1561
           D:4 |       0 |     180 |   0.0 |       0 |      14 |   0.0 |   782
           D:7 |       0 |      34 |   0.0 |       0 |       1 |   0.0 |    72
               +---------+---------+-------+---------+---------+-------+---------
